 Dungeon Crawl Stone Soup version bcrawl-1.18.1 (webtiles) character file.

Game seed: 14959778036068076463

106 Morbidden the Insei (level 4, -3/29 HPs)
             Began as an Octopode Transmuter on Nov 8, 2019.
             Was an Initiate of Cheibriados.
             Slain by an ogre
             ... wielding a +0 giant spiked club
              (20 damage)
             ... on level 4 of the Dungeon.
             The game lasted 00:05:01 (2739 turns).

Morbidden the Insei (Octopode Transmuter)           Turns: 2739, Time: 00:05:01

Health: -3/29      AC:  1    Str: 11    XL:     4   Next: 84%
Magic:  8/8        EV: 13    Int: 16    God:    Cheibriados [......]
Gold:   230        SH:  0    Dex: 13    Spells: 2/8 levels left

rFire    . . .     SeeInvis .     - Unarmed
rCold    . . .     Gourm    .   (no shield)
rNeg     . . .     Faith    .   (helmet restricted)
rPois    .         Spirit   .   (cloak restricted)
rElec    .         Reflect  .   (no amulet)
rCorr    .         Harm     .   (no ring)
MR       .....                  (no ring)
Stlth    ++........             (no ring)
HPRegen  0.09/turn              (no ring)
MPRegen  0.11/turn              (no ring)
                                (no ring)
                                (no ring)
                                (no ring)

@: very slow
A: almost no armour, stealthy swim, amphibious, 8 rings, constrict 8, camouflage
1, gelatinous body 1
a: Bend Time, Renounce Religion


You were on level 4 of the Dungeon.
You worshipped Cheibriados.
Cheibriados was noncommittal.
You were hungry.

You visited 1 branch of the dungeon, and saw 4 of its levels.

You collected 230 gold pieces.

Inventory:

Missiles
 a - 564 arrows
Wands
 l - a wand of digging (12)
Scrolls
 g - 3 scrolls of remove curse
 i - 2 scrolls of blinking
 j - a scroll of identify
Potions
 b - a potion of magic {unknown}
 c - a potion of mutation {unknown}
 e - a potion of agility {unknown}
 h - a potion of curing {unknown}
Comestibles
 d - 6 rations {!d}
 f - 2 chunks of flesh


   Skills:
 * Level 1.8 Fighting
 + Level 2.2 Dodging
 + Level 0.6 Stealth
 + Level 3.8 Unarmed Combat
 * Level 2.9 Spellcasting
 * Level 2.6 Transmutations
 * Level 0.5 Poison Magic


You had 2 spell levels left.
You knew the following spells:

 Your Spells              Type           Power        Failure   Level  Hunger
a - Beastly Appendage     Tmut           ##....       6%          1    #......
b - Spider Form           Tmut/Pois      #..          30%         3    ###....
c - Sticks to Snakes      Tmut           ##......     10%         2    ##.....

Your spell library contained the following spells:

 Spells                   Type           Power        Failure   Level  Hunger
 Ice Form                 Ice/Tmut       #.......     73%         4    #####..
 Blade Hands              Tmut           ##........   87%         5    ######.


Dungeon Overview and Level Annotations

Branches:
Dungeon (4/12)
 Temple: D:4-7

Altars:
Cheibriados
Dithmenos
Fedhas
Gozag
Lugonu
Nemelex Xobeh
Qazlal
Sif Muna
Uskayaw
Vehumet
Xom
The Shining One

Annotations:
D:3 2 transporters, zxcv's ghost, amateur AvFE


Innate Abilities, Weirdness & Mutations

You cannot wear most types of armour.
You are very stealthy in the water. (Stealth+)
You are amphibious.
You can wear up to eight rings at the same time.
You can use your tentacles to constrict eight enemies at once.
Your skin changes colour to match your surroundings (Stealth+).
Your rubbery body absorbs attacks. (AC +1, EV +1)


Message History

You squeeze the worm.
The worm is heavily wounded.
You constrict the worm. You tentacle-slap the worm. x2
You kill the worm!
You see here a worm corpse.
You butcher the worm corpse.
f - 2 chunks of flesh There isn't anything here!
j - a scroll of identify An ogre comes into view.
It is wielding a +0 giant spiked club.
The ogre shouts!
The frilled lizard hisses angrily.
Unknown command.
Evoke which item? (* to show all) (? for menu, Esc to quit)
Okay, then.
You tentacle-slap the ogre but do no damage.
The ogre hits you with a +0 giant spiked club!!
Ouch! That really hurt!
You die...

#.................
#........!........
#.................
#.....##...##.....
#.....##...#######
#...(...........
##..........%....
+>...<........<...
##..@####.####...#
#..O# #.# ...#
#.... ... ...
#..... l...
....l.. ...>
#........
#.........
#..........


You could see an ogre and a frilled lizard.

Vanquished Creatures
  Terence (D:2)
  An adder (D:3)
  2 oozes
  A dart slug (D:2)
  2 worms
  6 leopard geckos
  An orc (D:3)
  2 bats (D:1)
  3 giant cockroaches
  4 goblins
  6 hobgoblins
  8 kobolds
  2 quokkas
  3 frilled lizards
  6 rats
48 creatures vanquished.

Vanquished Creatures (collateral kills)
  A hobgoblin (D:3)
1 creature vanquished.

Vanquished Creatures (others)
  2 orcs (D:3)
2 creatures vanquished.

Grand Total: 51 creatures vanquished

Notes
Turn   | Place    | Note
-------+----------+-------------------------------------------
     0 | D:1      | Morbidden the Octopode Transmuter began the quest for the
                  | Orb.
     0 | D:1      | Reached XP level 1. HP: 13/13 MP: 3/3
   199 | D:1      | Reached XP level 2. HP: 6/18 MP: 5/5
  1179 | D:2      | Found a blossoming altar of Fedhas.
  1185 | D:2      | Reached XP level 3. HP: 22/23 MP: 6/6
  1342 | D:2      | Found a sparkling altar of Nemelex Xobeh.
  1384 | D:2      | Noticed Terence
  1398 | D:2      | Killed Terence
  1398 | D:2      | Reached XP level 4. HP: 12/28 MP: 5/8
  1675 | D:2      | Found a corrupted altar of Lugonu.
  1704 | D:2      | Learned a level 3 spell: Spider Form
  2016 | D:3      | Found a shimmering altar of Xom.
  2021 | D:3      | Found a snail-covered altar of Cheibriados.
  2045 | D:3      | Found a shadowy altar of Dithmenos.
  2092 | D:3      | Noticed zxcv's ghost (amateur AvFE)
  2095 | D:3      | Found a radiant altar of Vehumet.
  2146 | D:3      | Became a worshipper of Cheibriados the Contemplative
  2163 | D:3      | Found an opulent altar of Gozag.
  2165 | D:3      | Found a hide-covered altar of Uskayaw.
  2248 | D:3      | Learned a level 2 spell: Sticks to Snakes
  2272 | D:3      | Found a transporter.
  2283 | D:3      | Found a transporter.
  2335 | D:3      | Found a glowing golden altar of the Shining One.
  2399 | D:3      | Found a stormy altar of Qazlal.
  2563 | D:3      | Found a shimmering blue altar of Sif Muna.
  2736 | D:4      | Noticed an ogre
  2739 | D:4      | Slain by an ogre

Action                   |  1- 3 |  4- 6 || total
-------------------------+-------+-------++-------
Melee: Unarmed           |    51 |    62 ||   113
       Constrict         |    12 |    14 ||    26
       Kick              |     7 |     2 ||     9
       Tentacles         |     6 |     7 ||    13
       Punch             |     1 |     2 ||     3
 Cast: Beastly Appendage |     8 |     8 ||    16
       Sticks to Snakes  |       |     3 ||     3
       Spider Form       |       |     1 ||     1
  Use: Scroll            |     1 |     3 ||     4
       Potion            |     2 |       ||     2
 Stab: Sleeping          |     2 |       ||     2
  Eat: Chunk             |     2 |     4 ||     6
Armor: Skin              |     2 |       ||     2
Dodge: Dodged            |    30 |    42 ||    72
